 Dungeon Crawl Stone Soup version 0.28.0-43-g3370ac3207 (webtiles) character file.

Game seed: 1470543864315371080

134251 pkoi the Convoker (level 16, -23/118 HPs)
             Began as a White Draconian Summoner on Mar 4, 2022.
             Was the Champion of Hepliaklqana.
             Killed from afar by a nagaraja (30 damage)
             ... with a bolt of poison
             ... on level 2 of the Snake Pit.
             The game lasted 01:52:06 (52938 turns).

pkoi the Convoker (White Draconian Summoner)       Turns: 52938, Time: 01:52:07

Health: -23/118    AC: 14    Str: 10    XL:     16   Next: 61%
Magic:  28/38      EV: 16    Int: 22    God:    Hepliaklqana [******]
Gold:   1290       SH:  5    Dex: 14    Spells: 3/33 levels left

rFire   + . .      SeeInvis +     - Unarmed
rCold   + . .      Faith    .   (no shield)
rNeg    + . .      Spirit   .   (armour unavailable)
rPois   .          Reflect  +   q - +0 hat {Stlth+}
rElec   .          Harm     .   u - +1 cloak "Noufe" {rN+ SInv}
rCorr   .          Rampage  .   n - +1 pair of gloves
Will    +....      NoTele   +   L - +0 pair of boots
Stlth   +++.......              k - amulet of reflection
HPRegen 0.29/turn               O - ring of magical power
MPRegen 0.26/turn               y - ring of protection from fire

@: lethally poisoned (-23 -> -62), untranslocatable, studying Unarmed Combat
A: reduced essence, breathe frost, AC +9, unfitting armour, cold resistance 1,
cold-blooded
a: Breathe Frost, Renounce Religion, Recall Ancestor, Ancestor Identity,
Transference, Idealise


You were on level 2 of the Snake Pit.
You worshipped Hepliaklqana.
Hepliaklqana was exalted by your worship.
You visited 6 branches of the dungeon, and saw 28 of its levels.

You collected 2650 gold pieces.
You spent 1360 gold pieces at shops.

Inventory:

Hand Weapons
 f - a +0 spear of venom
 C - the +7 staff of the Meek {protect, meekguard}
   (You found it on level 7 of the Dungeon)

   It grants its wielder temporary protection when it strikes (+7 to AC).
   It provides extra protection to wielders with little health.
Missiles
 e - a throwing net
 p - 69 poisoned darts
 D - 9 curare-tipped darts
Armour
 m - an orb of mayhem
 n - a +1 pair of gloves (worn)
 q - a +0 hat of stealth (worn)
 u - the +1 cloak "Noufe" (worn) {rN+ SInv}
   (You found it on level 5 of the Dungeon)

   rN:        It protects you from negative energy.
   SInv:      It lets you see invisible.
 L - a +0 pair of boots (worn)
Jewellery
 k - an amulet of reflection (around neck)
 o - a ring of resist corrosion
 y - a ring of protection from fire (right hand)
 K - a ring of flight
 N - an amulet of the acrobat
 O - a ring of magical power (left hand)
 T - a +4 ring of protection
 X - a ring of see invisible
Wands
 j - a wand of polymorph (27)
 s - a wand of charming (17)
 x - a wand of flame (86)
 A - a wand of mindburst (18)
 E - a wand of acid (19)
 H - a wand of iceblast (14)
 W - a wand of paralysis (7)
Scrolls
 i - 8 scrolls of identify
 t - 2 scrolls of magic mapping
 v - 5 scrolls of blinking
 z - 3 scrolls of enchant armour
 B - 2 scrolls of brand weapon
 G - 5 scrolls of fear
 M - 6 scrolls of teleportation
 P - 4 scrolls of amnesia
 Q - a scroll of silence
 R - 2 scrolls of fog
 U - a scroll of summoning
 V - a scroll of holy word
Potions
 a - 3 potions of resistance
 b - 8 potions of might
 c - 9 potions of brilliance
 d - 6 potions of flight
 g - 2 potions of magic
 h - 4 potions of haste
 l - 6 potions of heal wounds
 w - 3 potions of curing
 F - 4 potions of ambrosia
 I - 2 potions of berserk rage
 J - 3 potions of cancellation
 S - 2 potions of lignification
Miscellaneous
 r - a phantom mirror


   Skills:
 - Level 9.4 Fighting
 - Level 9.0 Dodging
 - Level 3.0 Stealth
 + Level 15.0 Unarmed Combat
 - Level 9.1 Spellcasting
 - Level 15.0 Summonings
 - Level 7.1 Necromancy
 - Level 12.7 Translocations
 - Level 10.3 Air Magic
 - Level 7.0 Invocations


You had 3 spell levels left.
You knew the following spells:

 Your Spells              Type           Power      Damage    Failure   Level
a - Summon Small Mammal   Summ           100%       N/A       0%          1
b - Call Canine Familiar  Summ           66%        N/A       1%          3
c - Blink                 Tloc           100%       N/A       1%          2
d - Manifold Assault      Tloc           60%        N/A       1%          5
e - Apportation           Tloc           100%       N/A       1%          1
f - Haunt                 Necr/Summ      28%        N/A       52%         7
g - Summon Lightning Spi  Summ/Air       60%        N/A       1%          4
h - Swiftness             Air            53%        N/A       1%          3
i - Airstrike             Air            26%        N/A       1%          4

Your spell library contained the following spells:

 Spells                   Type           Power      Damage    Failure   Level
 Animate Skeleton         Necr           82%        N/A       1%          1
 Pain                     Necr           100%       1d9       1%          1
 Shock                    Conj/Air       100%       1d9       1%          1
 Call Imp                 Summ           66%        N/A       1%          2
 Static Discharge         Conj/Air       32%        N/A       1%          2
 Gell's Gravitas          Tloc           60%        N/A       1%          3
 Lesser Beckoning         Tloc           60%        N/A       1%          3
 Summon Guardian Golem    Hex/Summ       43%        N/A       1%          3
 Teleport Other           Tloc           60%        N/A       1%          3
 Vampiric Draining        Necr           41%        2d8       1%          3
 Foxfire                  Conj/Fire      40%        2x1d6     7%          1
 Sting                    Tmut/Pois      40%        1d5       7%          1
 Ensorcelled Hibernation  Hex/Ice        20%        N/A       10%         2
 Passwall                 Tmut/Erth      8%         N/A       10%         2
 Conjure Flame            Conj/Fire      10%        6-21      21%         3
 Ignite Poison            Fire/Tmut/Pois 10%        N/A       21%         3
 Inner Flame              Hex/Fire       10%        N/A       21%         3
 Animate Dead             Necr           20%        N/A       3%          4
 Dispersal                Tloc           30%        N/A       5%          6
 Lightning Bolt           Conj/Air       16%        1d30      22%         5
 Flame Wave               Conj/Fire      10%        2d5       54%         4
 Olgreb's Toxic Radiance  Pois           10%        N/A       54%         4
 Sticky Flame             Conj/Fire      10%        2d3       54%         4
 Fireball                 Conj/Fire      5%         3d5       88%         5
 Metabolic Englaciation   Hex/Ice        5%         N/A       88%         5
 Maxwell's Capacitive Co  Air            26%        ∞         99%         8
 Starburst                Conj/Fire      5%         6d4       100%        6
 Ozocubu's Refrigeration  Ice            5%         4d6       100%        7
 Storm Form               Tmut/Air       16%        N/A       100%        7
 Ignition                 Fire           5%         3d4       100%        8
 Infestation              Necr           20%        N/A       100%        8


Dungeon Overview and Level Annotations

Branches:
Dungeon (14/15)            Temple (1/1) D:7            Lair (6/6) D:10
  Swamp (3/4) Lair:4        Snake (2/4) Lair:2        Slime (0/5) Lair:5
    Orc (2/2) D:12            Elf (0/3) Orc:2        Vaults (0/5) D:13

Altars:
Ashenzari
Cheibriados
Dithmenos
Elyvilon
Fedhas
Gozag
Hepliaklqana
Kikubaaqudgha
Makhleb
Nemelex Xobeh
Okawaru
Qazlal
Ru
Sif Muna
Trog
Uskayaw
Vehumet
Wu Jian
Xom
Yredelemnul
Zin
The Shining One
Beogh

Shops:
Orc:2 [(=[*   Snake:1 :

Annotations:
Lair:6 exclusion: oklob plant
Snake:2 Roxanne


Innate Abilities, Weirdness & Mutations

Your life essence is reduced to manifest your ancestor. (-10% HP)
You can breathe waves of freezing cold which knock back foes.
Your icy white scales are hard. (AC +9)
You cannot fit into any form of body armour.
Your flesh is cold resistant. (rC+)
You are cold-blooded and may be slowed by cold attacks.


Message History

* * * LOW HITPOINT WARNING * * *
Your lightning spire shoots out a bolt of lightning at the nagaraja!
The bolt of electricity hits the nagaraja!
Casting: Summon Lightning Spire (safe; 1% risk of failure)
Confirm with . or Enter, or press ? or * to list all spells.
You feel very sick.
Naya hits the nagaraja with a +0 broad axe of flaming!
Naya burns the nagaraja.
The nagaraja hits you with a +0 spear!
* * * LOW HITPOINT WARNING * * *
The nagaraja closely misses you.
You barely miss the nagaraja.
You punch the nagaraja, but do no damage.
The nagaraja is moderately wounded.
You feel very sick.
Naya hits the nagaraja with a +0 broad axe of flaming!!
Naya burns the nagaraja.
The nagaraja points at you and mumbles some strange words.
The poison arrow hits you!!!
You are more poisoned.
* * * LOW HITPOINT WARNING * * *
You hit the nagaraja.
You punch the nagaraja, but do no damage.
The nagaraja is severely wounded.
* * * LOW HITPOINT WARNING * * *
You feel very sick.
Naya hits the nagaraja with a +0 broad axe of flaming!
Naya burns the nagaraja.
Casting: Call Canine Familiar (safe; 1% risk of failure)
Confirm with . or Enter, or press ? or * to list all spells.
Aiming: Airstrike (mildly dangerous; 1% risk of failure)
Press: ? - help, Dir - move target, f - nagaraja
Aim: a nagaraja, wielding a +0 spear and wearing a +0 robe (almost dead, catching its breath, ally target, empty space bonus: 6/8)
The air twists around and strikes the nagaraja!
The nagaraja is almost dead.
* * * LOW HITPOINT WARNING * * *
You feel extremely sick.
The nagaraja gestures at you while chanting.
The bolt of poison hits you!!
You are more poisoned.
You die...

#####
#...#######
#.........#
#....####.##
#....# #hR@#
#....#
#.N..#
#....#
#....8.
####.#
##...### #)#
....# #.#
#....# #.#
#...## #.#
##### #.#


You could see the friendly Naya the knight, a nagaraja (catching breath, ally
target), a friendly warg (summoned) and a friendly lightning spire (summoned).

Vanquished Creatures
  Agnes (Snake:2)
  An orc warlord (Orc:1)
  Nessos (D:14)
  Josephine (Orc:2)
  2 naga warriors (Snake:2)
  2 hydras
  3 two-headed ogres
  A centaur warrior (D:13)
  A vampire mage (Swamp:2)
  An orc high priest (Orc:2)
  2 naga sharpshooters (Snake:1)
  3 goliath frogs
  2 bog bodies
  2 manticores
  3 orc sorcerers
  2 mana vipers (Snake:1)
  2 ugly things
  A cyclops (D:8)
  4 will-o-the-wisps
  4 elephants (Lair:4)
  A salamander (Snake:1)
  A guardian serpent (Snake:1)
  A naga mage (Snake:2)
  7 black mambas
  6 cane toads
  2 rime drakes
  A tengu conjurer (D:14)
  A merfolk (shapeshifter) (D:13)
  4 hornets
  2 polar bears
  A troll (Orc:2)
  9 blink frogs
  4 tyrant leeches
  The ghost of pkoi the Firebug, an amateur DrFE (D:4)
  2 dream sheep (Lair:3)
  A spriggan (Swamp:3)
  7 wyverns
  8 yaks
  A wraith (Orc:2)
  A hog (Lair:4)
  A human (shapeshifter) (D:14)
  4 vampire mosquitoes
  10 nagas
  4 swamp worms
  7 water moccasins
  A swamp drake (Swamp:3)
  An ice beast (D:8)
  6 orc warriors
  4 sky beasts
  A hornet zombie (D:8)
  An ogre (Orc:2)
  A wolf (Lair:2)
  A boggart (Lair:5)
  3 centaurs
  8 bullfrogs
  2 scorpions
  2 howler monkeys
  3 electric eels
  A bullfrog zombie (D:5)
  6 orc priests
  A jelly (D:8)
  A centaur skeleton (D:6)
  A bullfrog skeleton (D:6)
  5 orc wizards
  2 lightning spires (Swamp:3)
  A hell rat (Lair:6)
  3 gnolls
  3 adders
  A white imp (D:6)
  An ufetubus (D:6)
  An adder skeleton (D:5)
  2 worms (D:2)
  2 dart slugs
  13 orcs
  5 bats
  4 endoplasms
  4 goblins
  5 hobgoblins
  10 kobolds
  4 quokkas
  9 frilled lizards
  7 rats
252 creatures vanquished.

Vanquished Creatures (collateral kills)
  Rupert (D:14)
  Kirke (Lair:4)
  Gastronok (Lair:2)
  Donald (Orc:2)
  A nagaraja (Snake:2)
  A bunyip (Swamp:3)
  3 eleionomae
  10 hydras
  A catoblepas (D:13)
  3 boulder beetles
  2 anacondas (Snake:1)
  A centaur warrior (D:13)
  A ghost crab (Swamp:2)
  A two-headed ogre (D:10)
  A death knight (D:13)
  5 alligators
  4 naga sharpshooters
  An orc high priest (Orc:2)
  Urug (Lair:1)
  Sonja (Lair:5)
  A salamander mystic (Snake:2)
  A naga ritualist (Snake:1)
  2 goliath frogs (Swamp:3)
  3 bog bodies
  A swamp dragon (Swamp:3)
  2 lindwurms (Lair:6)
  Pikel (D:6)
  A harpy (shapeshifter) (D:13)
  An orc sorcerer (Orc:2)
  3 orc knights
  5 manticores
  2 wolf spiders (Lair:6)
  2 deep elf pyromancers
  2 cyclopes
  2 mana vipers (Snake:1)
  5 salamanders
  9 ugly things
  2 elephants (Lair:4)
  15 black mambas
  20 cane toads
  A torpor snail (Lair:6)
  A gargoyle (D:8)
  2 guardian serpents
  3 naga magi
  10 komodo dragons
  2 unseen horrors
  A komodo dragon (shapeshifter) (D:13)
  A rime drake (Lair:5)
  A tengu conjurer (D:14)
  6 trolls
  5 polar bears
  4 tyrant leeches
  3 hornets
  8 slime creatures
  25 blink frogs
  5 dream sheep
  A spriggan (shapeshifter) (D:14)
  A shadow (D:12)
  13 spriggans
  A vampire (D:14)
  17 yaks
  11 wyverns
  5 wraiths
  6 basilisks
  A hog (shapeshifter) (D:14)
  A steam dragon (Lair:5)
  2 hogs (Lair:4)
  12 vampire mosquitoes
  6 redbacks (Lair:6)
  2 acid dragons
  7 swamp worms
  2 wargs (Orc:2)
  30 water moccasins
  8 nagas
  A black bear (D:10)
  A swamp drake (Swamp:1)
  2 ice beasts
  19 orc warriors
  3 ogres
  3 wolves (Lair:4)
  2 boggarts (Lair:5)
  5 centaurs
  A phantom (D:7)
  A lemure (D:6)
  4 kobold brigands
  12 bullfrogs
  A wyvern zombie (D:8)
  3 scorpions
  A water moccasin zombie (D:6)
  A wyvern skeleton (D:7)
  A hornet simulacrum (D:8)
  A killer bee (D:8)
  3 howler monkeys
  An electric eel (D:9)
  2 centaur zombies
  A centaur skeleton (D:6)
  13 orc priests
  A bullfrog skeleton (D:6)
  An iguana (D:6)
  14 orc wizards
  3 hell rats (Lair:6)
  Natasha (D:3)
  A howler monkey zombie (D:10)
  4 gnolls
  5 adders
  An ufetubus (D:4)
  2 worms (D:4)
  36 orcs
  An endoplasm (D:1)
  2 giant cockroaches
  A hobgoblin (D:2)
  2 ball pythons
  A bat (D:3)
  A frilled lizard (D:1)
  2 goblins
  7 kobolds
493 creatures vanquished.

Vanquished Creatures (others)
  A salamander (Snake:2)
  2 bloated husks (Swamp:3)
  2 yaks
  16 knights
  A white imp (D:8)
  3 ancestors
  2 ball lightnings (Swamp:3)
  12 foxfires
  107 fungi
  121 plants
267 creatures vanquished.

Grand Total: 1012 creatures vanquished

Notes
Turn   | Place    | Note
-------+----------+-------------------------------------------
     0 | D:1      | pkoi the Draconian Summoner began the quest for the Orb.
     0 | D:1      | Reached XP level 1. HP: 14/14 MP: 3/3
   293 | D:1      | Reached XP level 2. HP: 16/20 MP: 1/5
   685 | D:2      | Reached skill level 1 in Unarmed Combat
   969 | D:2      | Reached XP level 3. HP: 15/26 MP: 2/6
  1334 | D:2      | Learned a level 3 spell: Call Canine Familiar
  2275 | D:2      | HP: 1/26 [gnoll/+0 halberd (11)]
  2286 | D:2      | Reached XP level 4. HP: 3/33 MP: 2/7
  2312 | D:2      | HP: 1/33 [gnoll/+0 whip (5)]
  2314 | D:2      | Reached skill level 5 in Summonings
  3149 | D:2      | Identified the +8 scale mail of the Distant Future {rElec
                  | rF- Will+}
  4044 | D:3      | Found a snail-covered altar of Cheibriados.
  4070 | D:3      | Found a stormy altar of Qazlal.
  4072 | D:3      | Found a hazy altar of Hepliaklqana.
  4082 | D:3      | Became a worshipper of Hepliaklqana the Forgotten
  4095 | D:3      | Reached XP level 5. HP: 38/38 MP: 6/8
  4478 | D:3      | Found a faded altar of an unknown god.
  4625 | D:3      | Noticed Natasha
  4635 | D:3      | Killed Natasha
  4852 | D:3      | Found an ornate altar of the Wu Jian Council.
  5507 | D:4      | Found a runed translucent door.
  5514 | D:4      | Noticed pkoi's ghost (amateur DrFE)
  5641 | D:4      | Found a glowing silver altar of Zin.
  5778 | D:4      | Reached XP level 6. HP: 27/45 MP: 2/9
  5915 | D:4      | Reached * piety under Hepliaklqana
  6501 | D:5      | Entered Level 5 of the Dungeon
  7059 | D:5      | Identified the +1 cloak "Noufe" {rN+ SInv}
  7116 | D:5      | Noticed a water moccasin
  7128 | D:5      | Killed a water moccasin
  7129 | D:5      | Your scales start taking on an icy white colour.
  7129 | D:5      | Reached XP level 7. HP: 45/45 MP: 8/12
  7129 | D:5      | Gained mutation: Your flesh is cold resistant. (rC+) [White
                  | Draconian growth]
  7216 | D:5      | You fall into a shaft and drop 3 floors!
  7521 | D:8      | Reached ** piety under Hepliaklqana
  7522 | D:8      | Remembered your ancestor Naya as a knight
  7529 | D:8      | Noticed a cyclops
  7529 | D:8      | Noticed a manticore
  7564 | D:6      | Noticed Pikel
  7575 | D:6      | Killed Pikel
  7576 | D:6      | Reached XP level 8. HP: 38/51 MP: 9/15
  7694 | D:6      | Reached skill level 5 in Spellcasting
  7867 | D:6      | Reached skill level 1 in Fighting
  8414 | D:7      | Found a sacrificial altar of Ru.
  8840 | D:7      | Reached XP level 9. HP: 44/61 MP: 16/16
  9039 | D:7      | Reached skill level 10 in Summonings
  9497 | D:7      | Reached *** piety under Hepliaklqana
  9594 | D:7      | Found a staircase to the Ecumenical Temple.
  9895 | D:7      | Found the +7 staff of the Meek {protect, meekguard}
 10033 | Temple   | Entered the Ecumenical Temple
 10201 | D:8      | Learned a level 2 spell: Blink
 10207 | D:8      | Learned a level 5 spell: Manifold Assault
 10315 | D:8      | Reached skill level 5 in Dodging
 10315 | D:8      | Reached skill level 1 in Translocations
 10697 | D:8      | Reached XP level 10. HP: 33/72 MP: 19/19
 10999 | D:8      | Reached skill level 5 in Fighting
 11072 | D:8      | Killed a manticore
 11758 | D:8      | Killed a cyclops
 11985 | D:8      | Noticed a gargoyle
 11986 | D:8      | Noticed a manticore
 12072 | D:8      | Killed a manticore
 12075 | D:8      | Killed a gargoyle
 12219 | D:8      | Noticed a cyclops
 12219 | D:8      | Noticed a red ugly thing
 12221 | D:8      | Noticed a seven-headed hydra
 13527 | D:10     | Entered Level 10 of the Dungeon
 13554 | D:10     | Noticed a two-headed ogre
 13562 | D:10     | Killed a two-headed ogre
 13793 | D:10     | Reached XP level 11. HP: 62/82 MP: 20/20
 14045 | D:10     | Reached **** piety under Hepliaklqana
 14067 | D:10     | Reached skill level 5 in Translocations
 14714 | D:10     | Found a staircase to the Lair.
 14934 | Lair:1   | Entered Level 1 of the Lair of Beasts
 15444 | Lair:1   | Noticed a four-headed hydra
 15456 | Lair:1   | Killed a four-headed hydra
 16453 | Lair:1   | Noticed a four-headed hydra
 16460 | Lair:1   | Killed a four-headed hydra
 16461 | Lair:1   | Reached XP level 12. HP: 93/93 MP: 19/21
 16540 | Lair:1   | Noticed Urug
 16552 | Lair:1   | Killed Urug
 17413 | Lair:2   | Learned a level 1 spell: Apportation
 17421 | Lair:2   | Learned a level 7 spell: Haunt
 17488 | Lair:2   | Reached ***** piety under Hepliaklqana
 17722 | Lair:2   | Noticed Gastronok
 17732 | Lair:2   | Killed Gastronok
 17733 | Lair:2   | Reached skill level 1 in Necromancy
 18593 | Lair:2   | Found a staircase to the Snake Pit.
 18607 | Lair:2   | Reached skill level 1 in Invocations
 19033 | Lair:3   | Learned a level 4 spell: Summon Lightning Spire
 19649 | Lair:4   | Noticed a six-headed hydra
 19653 | Lair:4   | Killed a six-headed hydra
 19660 | Lair:4   | Reached skill level 1 in Air Magic
 19912 | Lair:4   | Reached XP level 13. HP: 50/99 MP: 15/23
 20681 | Lair:4   | Found a staircase to the Swamp.
 20841 | Lair:4   | Noticed Kirke
 20851 | Lair:4   | Killed Kirke
 21198 | Lair:5   | Noticed Sonja
 21208 | Lair:5   | Killed Sonja
 22257 | Lair:5   | Reached skill level 5 in Necromancy
 22257 | Lair:5   | Reached skill level 5 in Invocations
 23857 | Lair:5   | Found a staircase to the Slime Pits.
 24079 | Lair:5   | Got Sif Muna's Almanac of the Countless Youths
 24348 | Lair:6   | Entered Level 6 of the Lair of Beasts
 25037 | Lair:6   | Reached XP level 14. HP: 68/106 MP: 18/26
 25058 | Lair:6   | Reached skill level 5 in Air Magic
 25877 | Lair:6   | Reached skill level 10 in Translocations
 29435 | D:12     | Found a staircase to the Orcish Mines.
 29565 | D:12     | Learned a level 3 spell: Swiftness
 29570 | D:12     | Learned a level 4 spell: Airstrike
 29875 | D:12     | Reached ****** piety under Hepliaklqana
 30617 | D:13     | Found a gate to the Vaults.
 30685 | D:13     | Reached skill level 15 in Summonings
 32530 | Swamp:1  | Entered Level 1 of the Swamp
 32540 | Swamp:1  | Reached XP level 15. HP: 112/112 MP: 28/28
 32658 | Swamp:1  | Reached skill level 5 in Unarmed Combat
 33068 | Orc:1    | Entered Level 1 of the Orcish Mines
 33534 | Orc:2    | Entered Level 2 of the Orcish Mines
 33534 | Orc:2    | Noticed an orc warlord
 33534 | Orc:2    | Found Maschoucig's Jewellery Emporium.
 35727 | D:14     | Noticed Nessos
 35736 | D:14     | Killed Nessos
 36481 | D:14     | Noticed Rupert
 36496 | D:14     | Killed Rupert
 37191 | Orc:1    | Killed an orc warlord
 38010 | Orc:2    | Found a staircase to the Elven Halls.
 38082 | Orc:2    | Found Jazarph's Antique Armour Shoppe.
 38950 | Orc:2    | Found Dirphempo's General Store.
 38991 | Orc:2    | Found Zinil's Antique Weapon Shop.
 39154 | Orc:2    | Noticed Donald
 39160 | Orc:2    | Killed Donald
 39286 | Orc:2    | Noticed Josephine
 39295 | Orc:2    | Killed Josephine
 39342 | Orc:2    | Found Tisyeq's Antique Armour Shop.
 39619 | Snake:1  | Entered Level 1 of the Snake Pit
 41057 | Snake:1  | Found Erucho's Self-Improvement Boutique.
 41311 | Snake:1  | Bought a manual of Unarmed Combat for 1360 gold pieces
 43382 | Snake:2  | Reached XP level 16. HP: 85/118 MP: 27/29
 43760 | Snake:2  | Noticed Agnes
 43769 | Snake:2  | Killed Agnes
 43770 | Snake:2  | Reached skill level 10 in Air Magic
 45110 | D:4      | Killed pkoi's ghost
 45664 | Swamp:1  | Found a snail-covered altar of Cheibriados.
 46045 | Swamp:1  | Reached skill level 10 in Unarmed Combat
 51599 | Snake:2  | Noticed Roxanne
 52856 | Snake:2  | Reached skill level 15 in Unarmed Combat
 52938 | Snake:2  | Killed from afar by a nagaraja

Illustrated notes

Levels and vault maps discovered:
D:1:      minmay_arrival_stone_box, layout_rooms
D:2:      minmay_razor_zed, layout_loops_ring
D:3:      layout_basic, cheibriados_altar_2,
          chequers_temple_overflow_statue_of_worship, amcnicky_altar_gilded,
          ebering_ecumenical_altar_mist, uniq_natasha
D:4:      layout_loops_ring, zin_treasury, ebering_ghost_sewer_d,
          cheibrodos_sewer_entry_bend
D:5:      layout_loops_ring, kennysheep_cluttered_room
D:6:      layout_cave_pools, serial_column_ruins, column_ruins_circle_large,
          column_ruins_hut_water, column_ruins_columns_straight,
          column_ruins_open_small_water, column_ruins_corridor_water,
          column_ruins_grid_3, column_ruins_columns_straight,
          column_ruins_corridor_straight, hangedman_decor_riveting,
          minmay_misc_feat_diagonals, uniq_pikel
D:7:      layout_basic, nicolae_ru_the_path_less_chosen,
          minmay_temple_entry_enclosed_plants, enter_bailey_2
D:8:      minmay_the_grid_plus [minmay_the_grid_empty,
          minmay_the_grid_large_cup, minmay_the_grid_mess,
          minmay_the_grid_outer_circle, minmay_the_grid_prize_four_corners],
          layout_basic, serial_ice, serial_ice_m, serial_ice_e, serial_ice_b,
          serial_ice_k
D:9:      layout_loops_ring, minivault_4, nrook_mini_vaults
D:10:     layout_roguey, grunt_lair_entry_orc_guard_hut
D:11:     nicolae_whirlpool, layout_gridville, minmay_variable_closet
D:12:     layout_roguey, orc_0_dummy
D:13:     layout_roguey, david_vaults_2, grunt_ministairs_3
D:14:     layout_irregular_city, infiniplex_staircase_pool_1, uniq_nessos,
          uniq_rupert
Temple:   compressed_dpeg_circular_temple
Lair:1:   layout_regular_city, beast_lair_carwin_1, uniq_urug
Lair:2:   layout_regular_city, guppyfry_snake_entry_garden, beast_lair_carwin_7,
          uniq_gastronok
Lair:3:   layout_hall_layers
Lair:4:   layout_gridlike, skrybe_swamp_entry_bodies, grunt_megastairs_1,
          uniq_kirke
Lair:5:   kb_forest_paths, layout_loops_ring, dpeg_slime_entry_corner,
          uniq_sonja
Lair:6:   hangedman_lair_tendril_chambers, layout_misc_corridors
Swamp:1:  layout_falls_marsh, lemuel_altar_in_water
Swamp:2:  layout_falls_marsh, serial_swamp_ruin, evilmike_swamp_ruin_rubble_2,
          hangedman_swamp_ruin_hall, cheibrodos_swamp_pet_leeches
Swamp:3:  layout_basic_swamp, nicolae_swamp_some_circles, swamp_pool1,
          hangedman_swamp_phenomena
Snake:1:  layout_chambers, grunt_ministairs_4, nicolae_shop_self_help,
          grunt_megastairs_4, serial_bayou_shore_b
Snake:2:  kennysheep_snake, layout_misc_corridors, uniq_agnes, uniq_roxanne
Orc:1:    nicolae_orc_accident_2, layout_caves, nicolae_orc_bridge_out
Orc:2:    grunt_orc_gardens, layout_caves, grunt_orc_garden, grunt_orc_garden,
          grunt_orc_garden, grunt_orc_garden, serial_shops,
          nicolae_shop_overgrown_old_shop, basic_altar, uniq_josephine,
          uniq_donald

Skill      XL: |  1  2  3  4  5  6  7  8  9 10 11 12 13 14 15 16 |
---------------+-------------------------------------------------+-----
Unarmed Combat | 1 2 3 4 9 15 | 15.0
Summonings     | 5 6 8 9 11 12 13 14 15 | 15.0
Dodging        | 2 3 5 6 8 9 |  9.0
Spellcasting   | 3 4 5 6 8 9 |  9.1
Fighting       | 2 4 7 9 |  9.4
Translocations | 1 4 7 8 9 11 12 | 12.7
Necromancy     | 3 5 7 |  7.1
Invocations    | 3 6 7 |  7.0
Air Magic      | 2 4 6 9 10 | 10.3
Stealth        | 3 |  3.0

Action                   |  1- 3 |  4- 6 |  7- 9 | 10-12 | 13-15 | 16-18 || total
-------------------------+-------+-------+-------+-------+-------+-------++-------
Melee: Whip              |    47 |       |       |       |       |       ||    47
       Club              |     6 |       |       |       |       |       ||     6
       Tailslap          |     6 |    15 |    22 |    60 |    68 |    17 ||   188
       Trident           |    11 |   142 |       |       |       |       ||   153
       Punch             |       |     1 |     3 |       |     5 |     7 ||    16
       Spear             |       |    49 |   153 |   111 |   102 |       ||   415
       Quarterstaff      |       |       |    28 |   232 |   374 |       ||   634
       Unarmed           |       |       |       |       |    12 |    51 ||    63
 Cast: Summon Small Mamm |    27 |    25 |     4 |     1 |     5 |       ||    62
       Call Canine Famil |     3 |    10 |    13 |    49 |   127 |    37 ||   239
       Summon Lightning  |       |       |       |     3 |   172 |    56 ||   231
       Manifold Assault  |       |       |       |       |    22 |       ||    22
       Apportation       |       |       |       |       |     1 |     1 ||     2
       Airstrike         |       |       |       |       |   117 |   188 ||   305
       Blink             |       |       |       |       |     1 |       ||     1
       Swiftness         |       |       |       |       |     1 |       ||     1
Invok: Ancestor Identity |       |     1 |       |       |       |       ||     1
       Recall Ancestor   |       |       |     2 |     5 |     7 |     5 ||    19
       Ancestor Life: Kn |       |       |     1 |       |       |       ||     1
 Abil: Breathe Frost     |       |       |     1 |     2 |     1 |       ||     4
  Use: Scroll            |     1 |     5 |    10 |     5 |     4 |     4 ||    29
       Potion            |       |       |     2 |     2 |     1 |       ||     5
 Stab: Sleeping          |     1 |     4 |     3 |     4 |     4 |       ||    16
       Distracted        |       |     1 |     3 |    11 |    12 |     1 ||    28
Armor: Skin              |    36 |    44 |    78 |   173 |   211 |    22 ||   564
Dodge: Dodged            |    61 |    96 |   111 |   318 |   436 |    56 ||  1078
Block: Other             |       |       |       |    15 |   140 |    14 ||   169
       Reflection        |       |       |       |       |    10 |     2 ||    12
